 Dungeon Crawl Stone Soup version 0.16-a0-787-g31dbbe7 (webtiles) character file.

51 Psiweapon the Sneak (level 4, -3/24 HPs)
             Began as a Kobold Enchanter on Sept 27, 2014.
             Slain by Purgy (4 damage)
             ... on Level 3 of the Dungeon.
             The game lasted 00:08:23 (2246 turns).

Psiweapon the Sneak (Kobold Enchanter)              Turns: 2246, Time: 00:08:23

HP  -3/24        AC  3     Str  6      XL: 4   Next:  7%
MP   4/7         EV 15     Int 19      God:
Gold 124         SH  0     Dex 13 (16) Spells:  2 memorised,  4 levels left

rFire  . . .     SeeInvis .     a - +1 dagger
rCold  . . .     Clarity  .     b - +1 robe
rNeg   . . .     rCorr    .     (no shield)
rPois  .         rRot     .     (no helmet)
rElec  .         Spirit   .     (no cloak)
SustAb .         Warding  .     (no gloves)
rMut   .         Stasis   .     (no boots)
Gourm  .                        (no amulet)
MR     .....                    (no ring)
                                (no ring)

@: brilliant, not resistant to hostile enchantments, fairly stealthy
A: carnivore 3
a: no special abilities


You were on level 3 of the Dungeon.
You were very full.

You visited 1 branch of the dungeon, and saw 3 of its levels.

You collected 124 gold pieces.

Inventory:

Hand weapons
 a - a +1 dagger (weapon)
 h - a +0 short sword
Missiles
 g - 27 stones (quivered)
 i - 10 bolts
Armour
 b - a +1 robe (worn)
Comestibles
 d - 3 meat rations
Scrolls
 e - 2 scrolls of fog
 n - 2 scrolls of teleportation {unknown}
 p - 2 scrolls of recharging {unknown}
 q - a scroll of enchant armour {unknown}
 r - a scroll of identify {unknown}
Jewellery
 t - an uncursed ring of loudness
Potions
 m - a potion of degeneration
Books
 c - a book of Maledictions

   Spells                             Type                      Level
   *Corona                            Hexes                        1
   Sure Blade                         Hexes/Charms                 2
   *Ensorcelled Hibernation           Hexes/Ice                    2
   Confuse                            Hexes                        3
   Dazzling Spray                     Conjuration/Hexes            3
   Enslavement                        Hexes                        4


   Skills:
 - Level 1.8 Short Blades
 - Level 2.6 Dodging
 + Level 4.9 Stealth
 - Level 2.0 Spellcasting
 + Level 3.2 Hexes
 * Level 1.9 Ice Magic


You had 4 spell levels left.
You knew the following spells:

 Your Spells              Type           Power        Failure   Level  Hunger
a - Corona                Hex            ####...      1%          1    #......
b - Ensorcelled Hibernat  Hex/Ice        ###...       1%          2    ##.....


Dungeon Overview and Level Annotations

Branches:
Dungeon (3/15)

Altars:
Ashenzari
Xom

Annotations:
D:3 Purgy


Innate Abilities, Weirdness & Mutations

You are small and have problems with some larger weapons.
You are carnivorous and can eat meat at any time.


Message History

Purgy completely misses you.
You hit Purgy but do no damage.
Purgy is heavily wounded.
Purgy barely misses you. Purgy closely misses you. Purgy barely misses you.
You miss Purgy.
Purgy is heavily wounded.
Purgy barely misses you. Purgy misses you. Purgy barely misses you.
You hit Purgy.
Purgy is heavily wounded.
You hit Purgy.
Purgy is severely wounded.
Purgy misses you. Purgy claws you.
* * * LOW HITPOINT WARNING * * *
Purgy closely misses you.
You hit Purgy.
Purgy is severely wounded.
Purgy bites you.
* * * LOW HITPOINT WARNING * * *
Purgy claws you.
You die...

#.........##.#
#....<.......#
#............#
##+##..>.....+
##.##.####...#
#.....# #.#.#
#..#######.#.#
##........#.#.#
#.@.....#.#.#.#
#.T.....# #.#
#.......#
#.......#
##'###..... #.#
.... #.# .g.
#.# #.#


You could see Purgy.

Vanquished Creatures
  An adder (D:2)
  3 ball pythons
  8 bats
  4 hobgoblins
  8 kobolds
  2 giant cockroaches
  A giant gecko (D:2)
  2 giant newts (D:1)
  3 goblins (D:1)
  9 rats
41 creatures vanquished.

Notes
Turn   | Place    | Note
--------------------------------------------------------------
     0 | D:1      | Psiweapon, the Kobold Enchanter, began the quest for the Orb.
     0 | D:1      | Reached XP level 1. HP: 10/10 MP: 3/3
    85 | D:1      | Reached XP level 2. HP: 15/15 MP: 4/4
   114 | D:1      | Learned a level 2 spell: Ensorcelled Hibernation
   409 | D:1      | Reached skill level 1 in Ice Magic
   726 | D:1      | Reached XP level 3. HP: 19/19 MP: 0/6
  1724 | D:2      | Found a shattered altar of Ashenzari.
  1769 | D:2      | Reached XP level 4. HP: 20/24 MP: 7/7
  1859 | D:2      | Found a shimmering altar of Xom.
  1859 | D:2      | Found a shimmering altar of Xom.
  1862 | D:2      | Found a shimmering altar of Xom.
  2224 | D:3      | Noticed Purgy
  2246 | D:3      | HP: 1/24 [Purgy (1)]
  2246 | D:3      | Slain by Purgy

Action                   |  1- 3 |  4- 6 || total
-------------------------+-------+-------++-------
Melee: Dagger            |    96 |    12 ||   108
 Cast: Ensorcelled Hiber |    25 |     3 ||    28
       Corona            |     1 |     1 ||     2
  Use: Scroll            |     4 |       ||     4
       Potion            |       |     4 ||     4
 Stab: Sleeping          |    21 |     3 ||    24
  Eat: Chunk             |    12 |     2 ||    14
